 Dungeon Crawl Stone Soup version 0.17.0-23-g0de4337 (webtiles) character file.

204019 oplop the Stormcaller (level 19, -2/119 HPs)
             Began as a Tengu Air Elementalist on Nov 13, 2015.
             Was the Champion of Vehumet.
             Killed by the raging water
             ... invoked by a water nymph
              (27 damage)
             ... on level 4 of the Shoals.
             The game lasted 03:28:59 (48435 turns).

oplop the Stormcaller (Tengu Air Elementalist)     Turns: 48435, Time: 03:29:00

Health: -2/119     AC:  9    Str:  8    XL:     19   Next: 7%
Magic:  29/47      EV: 28    Int: 29    God:    Vehumet [******]
Gold:   2296       SH:  6    Dex: 17    Spells: 10 memorised, 7 levels left

rFire  + . .     SeeInvis .     i - +6 broad axe of Wiaw Ylo {drain, rElec Int+3}
rCold  . . .     Clarity  .     j - +2 leather armour {rF+}
rNeg   . . .     SustAt   .     P - +1 buckler
rPois  .         Gourm    .     (helmet restricted)
rElec  +         Spirit   .     (no cloak)
rCorr  .         Warding  .     n - +3 pair of gauntlets of War {Slay+5}
rMut   +         Stasis   .     (boots unavailable)
MR     +....                    q - amulet of resist mutation
Stlth  ++........               k - +4 ring of intelligence
                                u - ring of magical power

@: flying quickly and evasively, repel missiles, quick, somewhat resistant to
hostile enchantments, unstealthy
A: beak, horns 2, talons 3, agile 1, weak 1, able to fly 2
a: Stop Flying, Renounce Religion


You were on level 4 of the Shoals.
You worshipped Vehumet.
Vehumet was exalted by your worship.
You were not hungry.

You visited 6 branches of the dungeon, and saw 36 of its levels.
You also visited: Labyrinth and Ice Cave.

You collected 3523 gold pieces.
You spent 1227 gold pieces at shops.

Inventory:

Hand Weapons
 i - the +6 broad axe of Wiaw Ylo (weapon) {drain, rElec Int+3}
   (You bought it in a shop on level 4 of the Orcish Mines)

   A truly terrible weapon, it drains the life of those it strikes.
   It affects your intelligence (+3).
   It insulates you from electricity.
Armour
 j - a +2 leather armour of fire resistance (worn)
 n - the +3 pair of gauntlets of War (worn) {Slay+5}
   (You found it in an ice cave)

   It affects your accuracy and damage with ranged weapons and melee attacks
   (+5).
 P - a +1 buckler (worn)
Magical Staves
 a - an uncursed staff of energy
 b - an uncursed staff of conjuration
Jewellery
 d - an uncursed ring of poison resistance
 k - a +4 ring of intelligence (right hand)
 m - an uncursed ring of ice
 q - an amulet of resist mutation (around neck)
 u - a ring of magical power (left hand)
 E - an uncursed amulet of clarity
 G - an uncursed ring of see invisible
 N - an uncursed amulet of resist mutation
 S - the amulet "Laonk" {Ward rC+ rN+}
   (You found it in a labyrinth)

   [amulet of warding]

   It may prevent the melee attacks of summoned creatures.
   It protects you from cold.
   It protects you from negative energy.
 W - an uncursed ring of wizardry
Wands
 y - a wand of invisibility (7)
 I - a wand of cold (2)
 R - a wand of digging (10)
 T - a wand of teleportation (6)
 U - a wand of digging (9)
 X - a wand of draining (5)
Scrolls
 e - 2 scrolls of brand weapon
 h - 3 scrolls of teleportation
 l - 2 scrolls of fog
 o - 2 scrolls of identify
 p - 4 scrolls of enchant armour
 s - 3 scrolls of noise
 t - a scroll of magic mapping
 x - 9 scrolls of remove curse
 A - a scroll of blinking
 C - 2 scrolls of amnesia
 D - 2 scrolls of recharging
 F - a scroll of acquirement
 L - 3 scrolls of fear
 Q - 2 scrolls of immolation
Potions
 g - 4 potions of cure mutation
 r - 5 potions of might
 v - 3 potions of agility
 w - 2 potions of magic
 B - 6 potions of curing
 H - 3 potions of brilliance
 J - 2 potions of resistance
 M - 4 potions of haste
 V - a potion of berserk rage
 Y - 2 potions of heal wounds
Miscellaneous
 z - a legendary deck of wonders {the Mercenary}
Comestibles
 c - 13 bread rations
 f - 3 chunks of flesh
 O - 2 meat rations


   Skills:
 + Level 13.0 Fighting
 * Level 0.0 Axes
 - Level 5.4 Armour
 + Level 16.2 Dodging
 - Level 2.0 Stealth
 - Level 4.9 Shields
 + Level 14.0 Spellcasting
 - Level 15.1 Conjurations
 - Level 0.1 Charms
 - Level 10.3 Necromancy
 - Level 2.9 Ice Magic
 * Level 18.7 Air Magic
 - Level 7.7 Evocations


You had 7 spell levels left.
You knew the following spells:

 Your Spells              Type           Power        Failure   Level  Hunger
a - Shock                 Conj/Air       ####         0%          1    None
b - Static Discharge      Conj/Air       #######.     0%          3    None
c - Repel Missiles        Chrm/Air       ######       1%          2    None
d - Lightning Bolt        Conj/Air       #######...   1%          5    None
e - Orb of Destruction    Conj           #######...   2%          7    #####..
f - Bolt of Draining      Conj/Necr      #######...   1%          5    None
g - Sublimation of Blood  Necr           ######....   1%          2    None
h - Conjure Ball Lightni  Conj/Air       #######...   1%          6    ####...
t - Freezing Cloud        Conj/Ice/Air   ######....   1%          6    ####...
u - Swiftness             Chrm/Air       ######..     1%          2    None


Dungeon Overview and Level Annotations

Branches:
Dungeon (15/15)            Temple (1/1) D:5            Lair (8/8) D:10
 Shoals (4/4) Lair:6        Snake (4/4) Lair:3        Slime (0/6) Lair:8
    Orc (4/4) D:10            Elf (0/3) Orc:3        Vaults (0/5) D:14
 Depths (0/5) D:15

Altars:
Ashenzari
Cheibriados
Dithmenos
Elyvilon
Fedhas
Gozag
Kikubaaqudgha
Makhleb
Nemelex Xobeh
Okawaru
Qazlal
Ru
Sif Muna
Trog
Vehumet
Xom
Yredelemnul
Zin
The Shining One

Shops:
D:6 **=   D:11 =   Orc:4 ?}(}   Shoals:1 ?   Snake:2 (

Annotations:
D:13 exclusions: orange demon and 1 more exclusion
Shoals:4 Ilsuiw


Innate Abilities, Weirdness & Mutations

You have a beak for a mouth.
You have claws for feet.
You can fly continuously.
You have a pair of horns on your head.
You are agile. (Dex +2)
You are weak. (Str -2)


Message History

Your ball lightning explodes!
The blast of lightning engulfs Ilsuiw.
Ilsuiw is heavily wounded.
The blast of lightning engulfs you! You resist.
The blast of lightning engulfs the plant.
The plant is severely damaged.
The water nymph gestures at you while chanting.
The water rises up and strikes you!
* * * LOW HITPOINT WARNING * * *
Ilsuiw says, "It's lovely beneath the waves - you'll see!"
You hear a shout! x2
You hear a screech!
You hear a shout!
You hear a shout!
You hear a shout!
You hear a shout! x7
Unknown command.
Unknown command.
Drink which item? (? for menu, Esc to quit)
You feel much better. Ilsuiw hits you but does no damage.
The water nymph points at you and mumbles some strange words.
The water rises up and strikes you!
You die...

≈≈≈....≈≈≈≈≈≈≈≈
≈≈≈≈..≈≈≈≈≈≈≈≈≈
t≈≈≈≈≈≈≈≈≈≈≈≈≈≈
.)§≈≈≈≈≈≈≈≈≈≈
≈m.≈≈≈≈≈≈≈≈≈
#.≈≈≈≈≈≈≈≈≈
#.m≈≈≈≈≈≈≈≈≈
#.≈≈≈≈≈≈≈≈≈
#.@≈P≈≈≈≈≈≈
#..≈≈≈≈≈≈≈≈
#..≈P≈≈≈≈≈≈
##.P...P≈≈≈
##.....P≈≈≈
#.[.)..P≈P.
##.....PPP≈
###<).....≈≈≈
≈####≈........≈≈≈


You could see Ilsuiw and a water nymph.

Vanquished Creatures
  Asterion (Snake:1)
  5 greater nagas
  Maud (Orc:2)
  Snorg (Orc:4)
  5 merfolk javelineers
  7 merfolk impalers
  2 blizzard demons (IceCv)
  A minotaur (Lab)
  12 hydras
  15 naga warriors
  2 merfolk avatars
  2 catoblepae
  2 ogre magi
  2 centaur warriors
  14 anacondas
  A merfolk aquamancer (Shoals:1)
  2 alligator snapping turtles
  4 death yaks (Lair:6)
  12 naga sharpshooters
  8 shock serpents
  Sonja (Orc:2)
  2 slime creatures (D:12)
  5 skeletal warriors (D:15)
  5 ice devils (IceCv)
  7 sea snakes
  A wizard (D:15)
  3 unseen horrors
  2 hill giants
  A lindwurm (Lair:7)
  15 harpies
  17 mana vipers
  3 deep elf conjurers (D:15)
  4 ugly things
  9 naga ritualists
  8 manticores
  2 orc knights
  7 griffons
  An oklob plant (Snake:2)
  3 wolf spiders
  5 cyclopes
  3 water nymphs
  10 fauns
  An orc sorcerer (Orc:2)
  4 sirens
  7 salamanders
  3 guardian serpents
  Maurice (D:10)
  8 elephants
  An ice statue (IceCv)
  58 black mambas
  2 torpor snails
  7 naga magi
  2 kobold demonologists
  3 anaconda simulacra (IceCv)
  An efreet (D:13)
  13 spiny frogs
  4 yaktaurs (D:14)
  5 fire drakes
  6 komodo dragons
  A wolf spider simulacrum (IceCv)
  2 freezing wraiths (IceCv)
  23 merfolk
  10 snapping turtles
  A golden dragon simulacrum (IceCv)
  A wind drake (Shoals:1)
  31 blink frogs
  4 trolls
  A polar bear (Lair:4)
  5 two-headed ogres
  A blue devil (IceCv)
  3 deep elf magi
  A spriggan (Lair:6)
  2 shadows
  2 redbacks
  The ghost of oplop the Gusty, an amateur TeAE (D:4)
  67 yaks
  A dire elephant simulacrum (IceCv)
  3 water elementals
  19 hippogriffs
  3 wraiths
  A hog (shapeshifter) (D:14)
  A human (D:10)
  9 basilisks
  6 wyverns
  A hog (D:10)
  Grum (D:8)
  A death yak simulacrum (IceCv)
  11 vampire mosquitoes
  5 hungry ghosts
  Menkaure (D:4)
  37 nagas
  2 mottled dragons (D:15)
  12 wolves
  4 wargs
  2 harpy simulacra (IceCv)
  25 water moccasins
  5 hydra simulacra (IceCv)
  5 iron troll simulacra (IceCv)
  2 soldier ants
  8 porcupines
  Duvessa (D:7)
  41 orc warriors
  3 eyes of draining
  An alligator simulacrum (IceCv)
  2 black bears
  2 ettin simulacra (IceCv)
  16 ogres
  3 sky beasts
  4 wasps (Lair:8)
  5 spiders (Lair:8)
  6 ice beasts
  2 phantoms
  A necrophage (D:12)
  An ogre (shapeshifter) (D:13)
  12 crocodiles
  4 big kobolds
  25 centaurs
  A wyvern zombie (D:15)
  Dowan (D:7)
  24 giant frogs
  7 scorpions
  A wyvern skeleton (D:10)
  6 electric eels
  14 killer bees
  A quasit (D:12)
  2 centaur zombies
  3 wights (D:7)
  A draconian simulacrum (IceCv)
  10 crimson imps
  A lava snake (Lair:4)
  2 giant frog zombies
  28 orc priests
  31 orc wizards
  5 hounds
  5 centaur skeletons
  10 jellies
  A giant frog skeleton (D:4)
  20 worker ants
  Natasha (D:3)
  6 iguanas
  2 troll simulacra (IceCv)
  27 sheep
  2 centaur simulacra (IceCv)
  2 worker ant zombies (D:11)
  68 river rats
  21 adders
  A gnoll (Orc:1)
  2 naga simulacra (IceCv)
  4 ogre simulacra (IceCv)
  5 shadow imps
  6 white imps (IceCv)
  6 ufetubi (IceCv)
  6 oozes
  An adder zombie (D:5)
  2 worms
  8 giant geckos
  178 orcs
  9 bats
  2 giant cockroaches (D:2)
  8 goblins
  11 hobgoblins
  13 jackals
  19 kobolds
  3 quokkas
  2 ball pythons
  8 giant newts
  A quokka skeleton (D:5)
  5 rats
  2 fungi (Lair:5)
  13 plants
1407 creatures vanquished.

Vanquished Creatures (collateral kills)
  A draconian simulacrum (IceCv)
  A naga simulacrum (IceCv)
2 creatures vanquished.

Vanquished Creatures (others)
  70 ball lightnings
  A worker ant (Lair:8)
  2 river rats (Lair:2)
  An ufetubus (IceCv)
  An orc (Orc:1)
  29 fungi
  26 plants
130 creatures vanquished.

Grand Total: 1539 creatures vanquished

Notes
Turn   | Place    | Note
--------------------------------------------------------------
     0 | D:1      | oplop the Tengu Air Elementalist began the quest for the Orb.
     0 | D:1      | Reached XP level 1. HP: 10/10 MP: 4/4
   146 | D:1      | Reached XP level 2. HP: 12/15 MP: 0/6
   668 | D:1      | Reached XP level 3. HP: 19/19 MP: 3/7
   978 | D:2      | Learned a level 2 spell: Swiftness
   981 | D:2      | Learned a level 2 spell: Repel Missiles
  1059 | D:2      | Found a shattered altar of Ashenzari.
  1147 | D:2      | Reached XP level 4. HP: 16/24 MP: 0/9
  1402 | D:2      | Learned a level 3 spell: Static Discharge
  1495 | D:2      | Reached skill level 5 in Air Magic
  1666 | D:2      | Found a white marble altar of Elyvilon.
  1787 | D:2      | Noticed an orc warrior
  2276 | D:3      | Gained mutation: You can fly. [Tengu growth]
  2276 | D:3      | Reached XP level 5. HP: 28/28 MP: 10/10
  2505 | D:3      | Noticed Natasha
  2507 | D:3      | Killed Natasha
  2793 | D:4      | Noticed oplop's ghost (amateur TeAE)
  2839 | D:4      | Reached skill level 6 in Air Magic
  2839 | D:4      | Reached XP level 6. HP: 28/33 MP: 12/12
  2896 | D:4      | Reached skill level 1 in Fighting
  3631 | D:4      | Found a blossoming altar of Fedhas.
  3632 | D:4      | Noticed an ogre
  3641 | D:4      | Killed an ogre
  3641 | D:4      | Reached XP level 7. HP: 38/40 MP: 13/14
  3698 | D:4      | Noticed Menkaure
  3723 | D:4      | Killed Menkaure
  3734 | D:4      | Killed oplop's ghost
  3734 | D:4      | Reached skill level 7 in Air Magic
  4077 | D:4      | Reached XP level 8. HP: 45/45 MP: 15/15
  4216 | D:4      | Noticed an ogre
  4222 | D:4      | Killed an ogre
  4222 | D:4      | Reached skill level 5 in Conjurations
  4266 | D:4      | Found a stormy altar of Qazlal.
  4297 | D:5      | Entered Level 5 of the Dungeon
  4359 | D:5      | Found a snail-covered altar of Cheibriados.
  4592 | D:5      | Found a staircase to the Ecumenical Temple.
  4678 | Temple   | Entered the Ecumenical Temple
  4906 | Temple   | Became a worshipper of Vehumet
  5034 | D:5      | Reached skill level 5 in Dodging
  5034 | D:5      | Reached skill level 5 in Spellcasting
  5573 | D:6      | Reached skill level 8 in Air Magic
  5883 | D:6      | Found a sparkling altar of Nemelex Xobeh.
  6003 | D:6      | Found Xudeib's Assorted Antiques.
  6011 | D:6      | Bought an encrusted flail for 280 gold pieces
  6011 | D:6      | Identified the +9 flail "Toobb" {holy, MR+ Dex+4} (You bought it in a shop on level 6 of the Dungeon)
  6075 | D:6      | Reached XP level 9. HP: 39/52 MP: 17/17
  6278 | D:6      | Found Game's Jewellery Boutique.
  6402 | D:6      | Found Jesteen's General Store.
  6642 | D:6      | Learned a level 5 spell: Lightning Bolt
  6655 | D:7      | Found a basalt altar of Yredelemnul.
  6883 | D:7      | Reached * piety under Vehumet
  6883 | D:7      | Offered knowledge of Magic Dart by Vehumet.
  6992 | D:7      | Noticed Duvessa
  6999 | D:7      | Killed Duvessa
  6999 | D:7      | Reached skill level 5 in Fighting
  7054 | D:7      | Noticed Dowan
  7056 | D:7      | Killed Dowan
  7349 | D:8      | Reached skill level 9 in Air Magic
  7796 | D:8      | Noticed Grum
  7806 | D:8      | Reached XP level 10. HP: 49/59 MP: 18/20
  7955 | D:8      | Offered knowledge of Sandblast by Vehumet.
  7971 | D:8      | Reached ** piety under Vehumet
  8132 | D:8      | Killed Grum
  8201 | D:9      | Found a deep blue altar of Sif Muna.
  8814 | D:9      | Reached skill level 1 in Shields
  9307 | D:10     | Entered Level 10 of the Dungeon
  9307 | D:10     | Noticed Maurice
  9373 | D:9      | Reached skill level 10 in Air Magic
  9622 | D:10     | Killed Maurice
  9878 | D:10     | Offered knowledge of Mephitic Cloud by Vehumet.
  9886 | D:10     | Learned a level 3 spell: Mephitic Cloud
 10307 | D:10     | Reached XP level 11. HP: 40/66 MP: 14/22
 10477 | D:10     | Learned a level 2 spell: Sublimation of Blood
 10650 | D:10     | Reached *** piety under Vehumet
 10705 | D:10     | Reached skill level 1 in Necromancy
 10885 | D:10     | Offered knowledge of Throw Icicle by Vehumet.
 11037 | D:10     | Found a staircase to the Orcish Mines.
 11160 | D:10     | Found a staircase to the Lair.
 11299 | D:11     | Found Xicogot's Jewellery Shoppe.
 11553 | D:11     | Reached **** piety under Vehumet
 11553 | D:11     | Reached skill level 10 in Conjurations
 11732 | D:11     | Offered knowledge of Fulminant Prism by Vehumet.
 12199 | D:11     | Identified the Collected Works on Aid
 12261 | D:11     | Noticed a hill giant
 12946 | D:11     | Killed a hill giant
 12946 | D:11     | Reached XP level 12. HP: 53/73 MP: 25/25
 12979 | D:12     | Learned a level 5 spell: Bolt of Draining
 12996 | D:12     | Noticed a five-headed hydra
 13009 | D:12     | Killed a five-headed hydra
 13248 | D:12     | Reached ***** piety under Vehumet
 13248 | D:12     | Reached skill level 11 in Conjurations
 13255 | D:12     | Offered knowledge of Bolt of Cold by Vehumet.
 13702 | D:12     | Gained mutation: You are agile. (Dex +2) [potion of mutation]
 13702 | D:12     | Gained mutation: You are weak. (Str -2) [potion of mutation]
 13702 | D:12     | Gained mutation: You have a pair of small horns on your head. [potion of mutation]
 14057 | D:12     | Reached skill level 10 in Dodging
 14459 | D:13     | Reached skill level 12 in Conjurations
 14608 | D:13     | Noticed a centaur warrior
 14614 | D:13     | Noticed a catoblepas
 14767 | Lair:1   | Entered Level 1 of the Lair of Beasts
 15058 | Lair:1   | Reached XP level 13. HP: 76/80 MP: 19/27
 15314 | Lair:1   | Identified a scroll of acquirement
 15315 | Lair:1   | Got a pair of ancient gloves
 15326 | Lair:1   | Identified the +1 pair of gloves of Exclusion {Slay+2} (You acquired it on level 1 of the Lair of Beasts)
 15463 | Lair:1   | Offered knowledge of Olgreb's Toxic Radiance by Vehumet.
 16797 | Lair:3   | Found a labyrinth entrance.
 16819 | Lab      | Entered a labyrinth
 17316 | Lab      | Noticed a minotaur
 17328 | Lab      | Killed a minotaur
 17328 | Lab      | Reached skill level 10 in Fighting
 17334 | Lab      | Got a vibrating platinum amulet
 17337 | Lab      | Identified the amulet "Laonk" {Ward rC+ rN+} (You found it in a labyrinth)
 17487 | Lair:3   | Found a staircase to the Snake Pit.
 17723 | Lair:3   | Reached skill level 10 in Spellcasting
 17848 | Lair:3   | Reached skill level 13 in Conjurations
 18346 | Lair:4   | Reached skill level 1 in Armour
 20210 | Lair:4   | Gained mutation: You can fly continuously. [Tengu growth]
 20210 | Lair:4   | Reached XP level 14. HP: 88/88 MP: 22/29
 20939 | Lair:6   | Found a staircase to the Shoals.
 21154 | Lair:6   | Reached skill level 5 in Necromancy
 21164 | Lair:6   | Reached skill level 5 in Armour
 21214 | Lair:6   | Found a sacrificial altar of Ru.
 21220 | Lair:6   | Offered knowledge of Lee's Rapid Deconstruction by Vehumet.
 21259 | Lair:6   | You fall through a shaft for 2 floors!
 21259 | Lair:8   | Entered Level 8 of the Lair of Beasts
 21678 | Lair:8   | Reached skill level 1 in Evocations
 22766 | Lair:8   | Found a staircase to the Slime Pits.
 23417 | Lair:7   | Reached skill level 5 in Evocations
 23842 | Lair:7   | Reached XP level 15. HP: 63/92 MP: 24/31
 23941 | Lair:7   | Offered knowledge of Conjure Ball Lightning by Vehumet.
 23949 | Lair:7   | Learned a level 6 spell: Conjure Ball Lightning
 24406 | Lair:7   | Got a transparent scale mail
 24417 | Lair:7   | Identified the cursed +1 scale mail of Satisfaction {rPois rC+++ Str-3 SInv} (You found it on level 7 of the Lair of Beasts)
 24679 | Lair:7   | Reached skill level 10 in Necromancy
 25581 | D:13     | Noticed a hell beast
 25626 | D:13     | Killed a catoblepas
 25626 | D:13     | Reached skill level 14 in Conjurations
 25632 | D:13     | Killed a centaur warrior
 26016 | D:13     | Found a burning altar of Makhleb.
 26017 | D:13     | Noticed a hell beast
 26369 | D:14     | Noticed a six-headed hydra
 26371 | D:14     | Killed a six-headed hydra
 26718 | D:14     | Reached ****** piety under Vehumet
 26993 | D:14     | Found a shadowy altar of Dithmenos.
 27020 | D:14     | Learned a level 6 spell: Simulacrum
 27109 | D:14     | Reached skill level 1 in Ice Magic
 27289 | D:14     | Offered knowledge of Poisonous Cloud by Vehumet.
 27300 | D:14     | Learned a level 6 spell: Poisonous Cloud
 27486 | D:14     | Found a gate to the Vaults.
 27678 | D:15     | Entered Level 15 of the Dungeon
 28729 | D:15     | Found a sparkling altar of Nemelex Xobeh.
 28926 | D:15     | Found a staircase to the Depths.
 29108 | D:15     | Reached XP level 16. HP: 68/100 MP: 19/33
 29138 | D:15     | Offered knowledge of Freezing Cloud by Vehumet.
 29301 | D:15     | Learned a level 6 spell: Freezing Cloud
 29856 | Orc:1    | Entered Level 1 of the Orcish Mines
 30579 | Orc:2    | Noticed Sonja
 30582 | Orc:2    | Killed Sonja
 30626 | Orc:2    | Noticed Maud
 30632 | Orc:2    | Killed Maud
 31102 | Orc:3    | Found a staircase to the Elven Halls.
 31355 | Orc:3    | Offered knowledge of Bolt of Fire by Vehumet.
 31728 | Orc:4    | Entered Level 4 of the Orcish Mines
 32316 | Orc:4    | Found Feinib's Gadget Boutique.
 32316 | Orc:4    | Found Xolieff's Weapon Emporium.
 32318 | Orc:4    | Found Huty's Gadget Shoppe.
 32320 | Orc:4    | Found Anaimoki's Magic Scroll Shop.
 32459 | Orc:4    | Noticed Snorg
 32466 | Orc:4    | Killed Snorg
 32466 | Orc:4    | Offered knowledge of Lehudib's Crystal Spear by Vehumet.
 32466 | Orc:4    | Offered knowledge of Glaciate by Vehumet.
 32466 | Orc:4    | Offered knowledge of Tornado by Vehumet.
 32869 | Snake:1  | Entered Level 1 of the Snake Pit
 32902 | Snake:1  | Reached skill level 15 in Conjurations
 33581 | Snake:1  | Found an opulent altar of Gozag.
 33601 | Snake:1  | Noticed Asterion
 33881 | Orc:4    | Bought the +6 broad axe of Wiaw Ylo {drain, rElec Int+3} for 805 gold pieces
 34155 | Snake:1  | Killed Asterion
 35394 | Snake:2  | Found a shimmering altar of Xom.
 35732 | Snake:2  | Reached XP level 17. HP: 34/104 MP: 17/34
 36297 | Lair:1   | Learned a level 7 spell: Orb of Destruction
 36453 | Snake:1  | Reached skill level 15 in Air Magic
 37616 | Snake:2  | Found Segamm's Weapon Emporium.
 38192 | Snake:3  | Reached skill level 15 in Dodging
 38452 | Snake:3  | Reached skill level 16 in Air Magic
 40941 | Snake:3  | Reached XP level 18. HP: 101/112 MP: 25/36
 41446 | Snake:4  | Entered Level 4 of the Snake Pit
 41453 | Snake:4  | Reached skill level 17 in Air Magic
 41818 | Snake:4  | Found a frozen archway.
 41838 | IceCv    | Entered an ice cave
 42420 | IceCv    | Gained mutation: You have a pair of horns on your head. [potion of beneficial mutation]
 44453 | Shoals:1 | Entered Level 1 of the Shoals
 44473 | Shoals:1 | Found Aloedag's Magic Scroll Boutique.
 44485 | Shoals:1 | Bought a scroll of fear for 45 gold pieces
 44485 | Shoals:1 | Bought a scroll of blinking for 97 gold pieces
 45540 | Shoals:1 | Reached skill level 18 in Air Magic
 47702 | Shoals:3 | Reached XP level 19. HP: 110/119 MP: 17/37
 47947 | Shoals:3 | Got a pair of heavily runed gloves
 47958 | Shoals:3 | Identified the +0 pair of gloves "Utze" {-Cast rElec Regen+ Dex-2} (You found it on level 3 of the Shoals)
 47958 | Shoals:3 | Identified a +4 rod of clouds (9/9) (You found it on level 1 of the Shoals)
 48296 | Shoals:4 | Entered Level 4 of the Shoals
 48429 | Shoals:4 | Noticed Ilsuiw
 48435 | Shoals:4 | Killed from afar by a water nymph

Action                   |  1- 3 |  4- 6 |  7- 9 | 10-12 | 13-15 | 16-18 | 19-21 || total
-------------------------+-------+-------+-------+-------+-------+-------+-------++-------
Melee: Unarmed           |    21 |       |       |       |       |       |       ||    21
       Short sword       |       |    11 |    35 |       |       |       |       ||    46
       Flail             |       |       |    13 |    27 |     9 |       |       ||    49
       Staff             |       |       |       |    10 |    25 |    95 |       ||   130
       Broad axe         |       |       |       |       |       |    22 |     1 ||    23
 Cast: Shock             |    69 |   117 |   169 |   378 |   366 |    69 |       ||  1168
       Repel Missiles    |     1 |       |     3 |     2 |     1 |     3 |       ||    10
       Static Discharge  |       |    10 |    47 |   133 |   271 |   125 |       ||   586
       Swiftness         |       |     2 |     2 |       |     3 |     5 |       ||    12
       Lightning Bolt    |       |       |       |    52 |    32 |    60 |       ||   144
       Sublimation of Bl |       |       |       |     8 |    58 |   108 |       ||   174
       Bolt of Draining  |       |       |       |    41 |   354 |   292 |       ||   687
       Mephitic Cloud    |       |       |       |     3 |     2 |     1 |       ||     6
       Poisonous Cloud   |       |       |       |       |     6 |       |       ||     6
       Conjure Ball Ligh |       |       |       |       |     1 |    25 |     4 ||    30
       Freezing Cloud    |       |       |       |       |       |    87 |     1 ||    88
       Orb of Destructio |       |       |       |       |       |   173 |    12 ||   185
 Abil: Fly               |       |       |     1 |     2 |     1 |       |       ||     4
Evoke: Wand              |       |       |     5 |     1 |     2 |     7 |       ||    15
       Staff of energy   |       |       |       |       |    25 |       |       ||    25
  Use: Potion            |       |       |     1 |     1 |     3 |     8 |     1 ||    14
       Scroll            |       |       |     8 |    20 |    11 |    22 |       ||    61
 Stab: Sleeping          |       |     1 |     2 |     1 |       |     1 |       ||     5
       Distracted        |       |       |     1 |       |       |       |       ||     1
  Eat: Chunk             |     1 |     5 |     6 |    25 |    51 |    58 |     3 ||   149
       Bread ration      |       |     1 |     1 |       |       |       |       ||     2
       Fruit             |       |       |     2 |       |    22 |    10 |       ||    34
       Pizza             |       |       |     1 |       |     3 |     7 |       ||    11
       Meat ration       |       |       |     1 |     1 |     4 |     5 |     1 ||    12
       Beef jerky        |       |       |       |     5 |     1 |       |       ||     6
       Royal jelly       |       |       |       |     2 |       |     1 |       ||     3
